 Dungeon Crawl Stone Soup version 0.29.1-13-g9f3cf754e1 (webtiles) character file.

Game seed: 18417861960037088385

1672 EarthwalkerPL the Protected (level 8, -5/74 HPs)
             Began as a Minotaur Fighter on Feb 7, 2023.
             Was a Follower of Okawaru.
             Slain by a hornet (9 damage)
             ... on level 8 of the Dungeon.
             The game lasted 00:10:12 (5587 turns).

EarthwalkerPL the Protected (Minotaur Fighter)      Turns: 5587, Time: 00:10:12

Health: -5/74      AC: 10    Str: 23    XL:     8   Next: 70%
Magic:  7/7        EV: 13    Int:  5    God:    Okawaru [*.....]
Gold:   246        SH:  5    Dex:  8    Spells: 7/7 levels left

rFire   . . .      SeeInvis +   a - +0 war axe
rCold   + . .      Faith    .   c - +0 buckler
rNeg    . . .      Spirit   .   b - +0 scale mail
rPois   .          Reflect  .   (helmet restricted)
rElec   +          Harm     .   k - +0 cloak of the Chewing Gods {Rampage rElec rC+ Dex-2}
rCorr   .          Rampage  +   i - +0 pair of gloves
Will    .....                   (no boots)
Stlth   ..........              A - amulet of regeneration
HPRegen 1.02/turn               g - ring of see invisible
MPRegen 0.10/turn               L - +4 ring of evasion

@: lethally poisoned (-5 -> -15), slowed, very slow
A: horns 2, retaliatory headbutt
a: Renounce Religion, Heroism


You were on level 8 of the Dungeon.
You worshipped Okawaru.
Okawaru was aware of your devotion.
You visited 2 branches of the dungeon, and saw 9 of its levels.

You collected 372 gold pieces.
You spent 126 gold pieces at shops.

Inventory:

Hand Weapons
 a - a +0 war axe (weapon)
Missiles
 l - 2 curare-tipped darts
 p - 2 throwing nets
 z - 6 boomerangs (quivered)
 G - 21 poisoned darts
 M - 5 silver boomerangs
Armour
 b - a +0 scale mail (worn)
 c - a +0 buckler (worn)
 i - a +0 pair of gloves (worn)
 k - the +0 cloak of the Chewing Gods (worn) {Rampage rElec rC+ Dex-2}
   (You found it on level 2 of the Dungeon)

   Dex:       It affects your dexterity (-2).
   rC:        It protects you from cold.
   rElec:     It insulates you from electricity.
   Rampage:   It bestows one free step when moving towards enemies.
Jewellery
 g - a ring of see invisible (left hand)
 A - an amulet of regeneration (around neck)
 B - an amulet of reflection
 D - an amulet of magic regeneration
 L - a +4 ring of evasion (right hand)
 O - a ring of wizardry
Wands
 o - a wand of flame (20)
 J - a wand of mindburst (16)
Scrolls
 f - 2 scrolls of silence
 j - 2 scrolls of fear
 m - 2 scrolls of noise
 n - a scroll of immolation
 q - 2 scrolls of teleportation
 r - 2 scrolls of poison
 w - 3 scrolls of blinking {unknown}
 y - a scroll of brand weapon {unknown}
 C - 2 scrolls of butterflies {unknown}
 E - 5 scrolls of enchant weapon {unknown}
 F - 2 scrolls of torment {unknown}
 K - a scroll of amnesia {unknown}
 N - a scroll of summoning {unknown}
 Q - a scroll of enchant armour {unknown}
Potions
 d - a potion of might
 e - a potion of flight {unknown}
 h - 6 potions of curing {unknown}
 s - 3 potions of haste {unknown}
 t - 2 potions of brilliance {unknown}
 u - 2 potions of lignification {unknown}
 v - 2 potions of mutation {unknown}
 x - a potion of invisibility {unknown}
 H - a potion of magic {unknown}
 I - a potion of ambrosia {unknown}
 P - a potion of attraction {unknown}


   Skills:
 * Level 7.9 Fighting
 * Level 7.5 Axes
 * Level 8.0 Armour
 + Level 6.3 Shields


You had 7 spell levels left.
You didn't know any spells.
Your spell library contained the following spells:

 Spells                   Type           Power      Damage    Failure   Level
 Sandblast                Erth           0%         2d4       83%         1
 Passwall                 Tmut/Erth      0%         N/A       93%         2
 Stone Arrow              Conj/Erth      0%         3d7       99%         3


Dungeon Overview and Level Annotations

Branches:
Dungeon (8/15)             Temple (1/1) D:6
   Lair: D:8-11

Altars:
Ashenzari
Cheibriados
Dithmenos
Elyvilon
Fedhas
Gozag
Hepliaklqana
Kikubaaqudgha
Makhleb
Nemelex Xobeh
Okawaru
Qazlal
Ru
Sif Muna
Trog
Uskayaw
Vehumet
Xom
Yredelemnul
Zin
The Shining One

Shops:
D:2 [   D:4 (   D:5 !   D:6 :*

Annotations:
D:4 3 runed translucent doors, kalagan's ghost, amateur DECj


Innate Abilities, Weirdness & Mutations

You have a pair of horns on your head.
You reflexively headbutt those who attack you in melee.


Message History

You barely miss the hornet. Your headbutt misses the hornet.
The hornet is moderately wounded.
The hornet stings you but does no damage.
The hornet misses you. The hornet stings you!
You feel as though you will be slow longer.
You miss the hornet.
The hornet is moderately wounded.
The hornet stings you.
You are poisoned.
You suddenly lose the ability to move!
The hornet stings you but does no damage.
You feel sick. The hornet stings you!
You are more poisoned.
You feel as though you will be slow longer.
You feel very sick.
The hornet stings you but does no damage. x2
You can move again.
You hit the hornet but do no damage. You headbutt the hornet.
The hornet is moderately wounded.
You feel very sick. The hornet barely misses you. The hornet stings you.
You are more poisoned.
You shrug off the repeated paralysis!
You completely miss the hornet.
The hornet is moderately wounded.
You feel extremely sick. You block the hornet's attack.
The hornet stings you but does no damage.
The hornet stings you.
* * * LOW HITPOINT WARNING * * *
You feel as though you will be slow longer.
You slash the hornet!
The hornet is severely wounded.
You feel very sick. The hornet barely misses you. The hornet stings you!
* * * LOW HITPOINT WARNING * * *
You are more poisoned.
You feel as though you will be slow longer.
The hornet stings you!
You die...

.... ...# #..# #..#
#..# ##. .# ..# #..
..#.. #y#
##.####.#..# #@#
#.........##
#.#####...........
##.##............#
##..............# #
#..#.....)).....#
#.##.....)......####
##.##.......##.......
#..###...<.###.......
#....................


You could see a hornet.

Vanquished Creatures
  Menkaure (D:5)
  An orc warrior (D:7)
  2 ice beasts
  An ogre (D:5)
  A phantom (D:6)
  2 centaurs (D:5)
  2 kobold brigands (D:7)
  A necrophage (D:7)
  2 bullfrogs (D:7)
  A scorpion (D:7)
  2 orc priests
  A jelly (D:6)
  A gnoll bouda (D:7)
  A hound (D:7)
  2 iguanas
  Terence (D:2)
  4 orc wizards
  7 gnolls
  3 adders
  2 white imps (D:6)
  3 ufetubi
  3 dart slugs
  26 orcs
  6 ball pythons
  A bat (D:2)
  2 bat zombies (D:5)
  2 endoplasms
  17 giant cockroaches
  6 goblins
  4 hobgoblins
  15 kobolds
  6 quokkas
  2 rats
131 creatures vanquished.

Vanquished Creatures (others)
  6 fungi (D:4)
  A plant (D:3)
7 creatures vanquished.

Grand Total: 138 creatures vanquished

Notes
Turn   | Place    | Note
-------+----------+-------------------------------------------
     0 | D:1      | EarthwalkerPL the Minotaur Fighter began the quest for the
                  | Orb.
     0 | D:1      | Reached XP level 1. HP: 19/19 MP: 0/0
   137 | D:1      | Reached XP level 2. HP: 24/27 MP: 1/1
   636 | D:1      | Reached skill level 4 in Armour
  1073 | D:2      | Noticed Terence
  1079 | D:2      | Killed Terence
  1080 | D:2      | Reached XP level 3. HP: 22/33 MP: 2/2
  1193 | D:2      | Found Jait's Armour Boutique.
  1197 | D:2      | Identified the +0 cloak of the Chewing Gods {Rampage rElec
                  | rC+ Dex-2}
  1587 | D:3      | Found a shimmering altar of Xom.
  1643 | D:3      | Found a white marble altar of Elyvilon.
  1703 | D:3      | Found a stormy altar of Qazlal.
  1846 | D:3      | Reached XP level 4. HP: 41/41 MP: 3/3
  2051 | D:3      | Found a faded altar of an unknown god.
  2167 | D:4      | Found Qijy's Antique Weapon Shoppe.
  2267 | D:4      | Reached XP level 5. HP: 40/47 MP: 4/4
  2321 | D:4      | Found a runed translucent gate.
  2322 | D:4      | Found a runed translucent gate.
  2323 | D:4      | Found a runed translucent gate.
  2325 | D:4      | Found an opulent altar of Gozag.
  2326 | D:4      | Noticed kalagan's ghost (amateur DECj)
  2435 | D:4      | Found a shimmering blue altar of Sif Muna.
  2519 | D:4      | Reached skill level 5 in Armour
  2588 | D:4      | Reached skill level 5 in Fighting
  2811 | D:5      | Entered Level 5 of the Dungeon
  2829 | D:5      | Noticed Menkaure
  2921 | D:5      | Killed Menkaure
  2922 | D:5      | Reached XP level 6. HP: 56/56 MP: 5/5
  3003 | D:5      | Noticed an ice beast
  3011 | D:5      | Killed an ice beast
  3012 | D:5      | Reached skill level 5 in Axes
  3024 | D:5      | Found a snail-covered altar of Cheibriados.
  3026 | D:5      | Found a broken altar of Ashenzari.
  3029 | D:5      | Reached skill level 6 in Armour
  3029 | D:5      | Reached skill level 5 in Shields
  3029 | D:5      | Reached XP level 7. HP: 61/62 MP: 6/6
  3176 | D:5      | Found an ancient bone altar of Kikubaaqudgha.
  3315 | D:5      | Found a glowing golden altar of the Shining One.
  3361 | D:5      | Found Inock's Distillery.
  3602 | D:6      | Found Gapips's Book Shop.
  3779 | D:6      | Found a staircase to the Ecumenical Temple.
  3785 | Temple   | Entered the Ecumenical Temple
  3987 | D:6      | Found Vyriuno's Assorted Antiques.
  3996 | D:6      | Bought a scroll labelled MUROXT NAGUWIS for 21 gold pieces
  3996 | D:6      | Bought a scroll labelled BAR RASACUGOATZ for 21 gold pieces
  3996 | D:6      | Bought 3 scrolls labelled BAR RASACUGOATZ for 63 gold
                  | pieces
  3996 | D:6      | Bought a scroll labelled ACE TYEPRECI for 21 gold pieces
  4144 | D:6      | Reached XP level 8. HP: 71/71 MP: 7/7
  4346 | D:6      | Found an iron altar of Okawaru.
  4351 | D:6      | Became a worshipper of Warmaster Okawaru
  4534 | D:7      | Reached skill level 7 in Armour
  4903 | D:7      | Found a shadowy altar of Dithmenos.
  5019 | D:7      | Reached * piety under Okawaru
  5113 | D:7      | Found a radiant altar of Vehumet.
  5500 | D:8      | Reached skill level 8 in Armour
  5574 | D:8      | Noticed a hornet
  5582 | D:8      | Paralysed by a hornet for 3 turns
  5587 | D:8      | Slain by a hornet

Illustrated notes

Levels and vault maps discovered:
D:1:      dpeg_arrival_oval, layout_basic
D:2:      layout_basic, serial_shops, shop, kennysheep_flooded_box,
          grunt_decor_cap, uniq_terence
D:3:      minmay_roachtagon, layout_basic, mainiacjoe_overflow_tiny_flanked,
          old_standard_altar, lemuel_coloured_pillars_altar,
          shapermc_ecumenical_altar_mp_urbaneastern,
          hangedman_abyss_or_decor_lesser_grid
D:4:      layout_loops_ring, mainiacjoe_overflow_cross_hatched,
          ebering_ghost_gozag, serial_shops, shop
D:5:      layout_basic, mainiacjoe_overflow_boulevard,
          lemuel_zombie_altar_kikubaaqudgha, jmf_multi_god_temple, serial_shops,
          shop, uniq_menkaure
D:6:      layout_basic, okawaru_trees_2, minmay_temple_entry_hall, serial_shops,
          shop, nicolae_stop_n_shop_2, serial_glass, glass_columns_a,
          glass_columns_a, nicolae_figureground_pulse
D:7:      layout_loops_corners, mainiacjoe_overflow_big_doors
D:8:      layout_rooms, uniq_grum
Temple:   hellmonk_temple_flake

Skill      XL: |  1  2  3  4  5  6  7  8 |
---------------+-------------------------+-----
Armour         | 4 5 6 8 |  8.0
Fighting       | 4 5 6 7 |  7.9
Axes           | 3 4 5 6 7 |  7.5
Shields        | 4 5 6 |  6.3

Action                   |  1- 3 |  4- 6 |  7- 9 || total
-------------------------+-------+-------+-------++-------
Melee: War axe           |    67 |   122 |   173 ||   362
       Headbutt          |     8 |    16 |    30 ||    54
Throw: Boomerang         |       |       |     2 ||     2
  Use: Scroll            |       |       |     6 ||     6
Armor: Scale mail        |    29 |    77 |    75 ||   181
Dodge: Dodged            |    37 |    59 |    88 ||   184
Block: Buckler           |     9 |    20 |    42 ||    71
